 Dungeon Crawl Stone Soup version 0.27.0-1-g7a089689b8 (console) character file.

Game seed: 11073888666528647974

614 jejorda2 the Vexing (level 7, -4/51 HPs)
             Began as a Vampire Enchanter on Aug 12, 2021.
             Slain by a scorpion (7 damage)
             ... on level 4 of the Dungeon.
             The game lasted 00:14:53 (4436 turns).

jejorda2 the Vexing (Vampire Enchanter)             Turns: 4436, Time: 00:14:53

Health: -4/51      AC:  4    Str:  8    XL:     7   Next: 20%
Magic:  1/11       EV: 11    Int: 18    God:
Gold:   207        SH:  0    Dex: 15    Spells: 3/12 levels left

rFire    . . .     SeeInvis +   a - +1 dagger
rCold    . . .     Faith    .   (no shield)
rNeg     . . .     Spirit   .   d - +0 leather armour
rPois    .         Reflect  .   (no helmet)
rElec    .         Harm     .   (no cloak)
rCorr    .         Rampage  .   p - +0 pair of gloves
Will     .....                  (no boots)
Stlth    +++.......             (no amulet)
HPRegen  0.37/turn              (no ring)
MPRegen  0.12/turn              (no ring)

@: healing quickly
A: alive, fangs 3, see invisible, vampiric 2
a: Exsanguinate


You were on level 4 of the Dungeon.
You visited 1 branch of the dungeon, and saw 4 of its levels.

You collected 207 gold pieces.

Inventory:

Hand Weapons
 a - a +1 dagger (weapon)
 b - a +0 falchion
 f - a +0 short sword
Missiles
 c - 9 atropa-tipped darts
 e - 52 stones
 i - 14 poisoned darts (quivered)
Armour
 d - a +0 leather armour (worn)
 p - a +0 pair of gloves (worn)
Scrolls
 k - a scroll of summoning {unknown}
 l - a scroll of enchant weapon {unknown}
 m - 3 scrolls of teleportation {unknown}
 n - a scroll of identify {unknown}
 o - a scroll of fog {unknown}
Potions
 g - a potion of mutation {unknown}
 h - a potion of invisibility {unknown}
 j - a potion of degeneration {unknown}
 q - a potion of curing {unknown}


   Skills:
 + Level 2.9 Fighting
 * Level 5.5 Short Blades
 - Level 2.1 Dodging
 - Level 4.4 Stealth
 - Level 3.0 Spellcasting
 + Level 6.5 Hexes
 - Level 2.0 Ice Magic


You had 3 spell levels left.
You knew the following spells:

 Your Spells              Type           Power      Damage    Failure   Level
a - Ensorcelled Hibernat  Hex/Ice        36%        N/A       6%          2
b - Corona                Hex            28%        N/A       1%          1
c - Tukima's Dance        Hex            26%        N/A       4%          3
z - Confusing Touch       Hex            26%        N/A       4%          3

Your spell library contained the following spells:

 Spells                   Type           Power      Damage    Failure   Level
 Dazzling Flash           Conj/Hex       28%        N/A       19%         3
 Ozocubu's Armour         Ice            9%         N/A       30%         3
 Metabolic Englaciation   Hex/Ice        9%         N/A       75%         5
 Simulacrum               Ice/Necr       3%         N/A       100%        6


Dungeon Overview and Level Annotations

Branches:
Dungeon (4/15)
 Temple: D:4-7

Altars:


Innate Abilities, Weirdness & Mutations

Your natural rate of healing is accelerated.
You have razor-sharp teeth.
You have supernaturally acute eyesight. (SInv)
You are afflicted with vampirism and can become a bat while bloodless.


Message History

The ball python hisses angrily.
The scorpion stings you.
You are poisoned.
The scorpion poisons you!
The water moccasin skeleton barely misses you.
Sigmund hits you but does no damage.
Unknown command.
Unknown command.
You hit Sigmund.
You kill Sigmund!
You feel sick. The scorpion barely misses you.
The water moccasin skeleton misses you.
You have reached level 7!
You feel very sick.
Items here: ) [ †.
You feel sick.
Casting: Ensorcelled Hibernation (safe; 6% risk of failure)
Confirm with . or Enter, or press ? or * to list all spells.
Aiming: Ensorcelled Hibernation (safe; 6% risk of failure)
Press: ? - help, Shift-Dir - straight line, f - scorpion
Aim: a scorpion (chance to affect: 49%)
The scorpion resists with some effort.
You feel sick. The scorpion closely misses you.
The scorpion stings you but does no damage.
You feel sick.
You feel sick.
You feel sick.
You feel sick.
You feel sick.
You are no longer poisoned.
The scorpion stings you.
* * * LOW HITPOINT WARNING * * *
There is a stone staircase leading up, spattered with blood here.
You see here a jackal corpse.
Okay, then.
Unknown command.
Unknown command.
The scorpion stings you but does no damage.
The scorpion stings you!
You die...

.. . #.........
...
....##.########
#.. ............#
#.. ###########.#
####.. #.#
......####### #.#
#....)Z..# #.# #
#####.#..###S# #.#
# .......@.# #.#
#.# #
.####.#.s###.# #.#
# #..S...# #.#
#†##.### #.#
#.##.###### #.#
#.........###.##
#......>.#.#...###
#.##.####.........
#.##.# #.##...##.


You could see a scorpion, a ball python and a water moccasin skeleton.

Vanquished Creatures
  Sigmund (D:4)
  A wyvern (D:4)
  A black bear (D:4)
  A hound (D:4)
  An iguana (D:4)
  A howler monkey zombie (D:4)
  8 adders
  2 dart slugs (D:1)
  11 orcs
  8 ball pythons
  10 endoplasms
  4 giant cockroaches
  11 goblins
  8 hobgoblins
  5 jackals
  3 quokkas
  8 bats
  2 frilled lizards (D:1)
  3 kobolds
  4 rats
93 creatures vanquished.

Notes
Turn   | Place    | Note
-------+----------+-------------------------------------------
     0 | D:1      | jejorda2 the Vampire Enchanter began the quest for the Orb.
     0 | D:1      | Reached XP level 1. HP: 13/13 MP: 3/3
   175 | D:1      | Found a faded altar of an unknown god.
   311 | D:1      | Reached XP level 2. HP: 20/20 MP: 3/5
   314 | D:1      | Learned a level 2 spell: Ensorcelled Hibernation
   368 | D:1      | Reached skill level 1 in Fighting
   781 | D:1      | Reached skill level 1 in Ice Magic
   985 | D:1      | Gained mutation: You are afflicted with vampirism and can
                  | become a bat while bloodless. [Vampire growth]
   985 | D:1      | Reached XP level 3. HP: 26/26 MP: 3/6
   989 | D:1      | Learned a level 3 spell: Confusing Touch
  1800 | D:2      | Reached XP level 4. HP: 32/32 MP: 7/7
  3209 | D:3      | Reached skill level 5 in Hexes
  3670 | D:4      | Reached XP level 5. HP: 32/37 MP: 6/9
  3704 | D:4      | Noticed a wyvern
  3712 | D:4      | Killed a wyvern
  3713 | D:4      | Reached XP level 6. HP: 30/44 MP: 0/10
  3721 | D:3      | Learned a level 3 spell: Tukima's Dance
  4121 | D:4      | Reached skill level 6 in Hexes
  4264 | D:4      | Reached skill level 5 in Short Blades
  4382 | D:4      | Noticed Sigmund
  4423 | D:4      | Killed Sigmund
  4424 | D:4      | Reached XP level 7. HP: 14/51 MP: 2/11
  4431 | D:4      | HP: 1/51 [scorpion (4)]
  4436 | D:4      | Slain by a scorpion

Illustrated notes

Levels and vault maps discovered:
D:1:      ebering_trefoil_3fold, layout_basic,
          shapermc_ecumenical_altar_mp_highgroup
D:2:      layout_loops_corners, small_statue_intersection, minmay_misc_feat_chi
D:3:      layout_basic
D:4:      layout_loops_ring, minmay_misc_feat_room, minmay_between,
          uniq_sigmund, uniq_robin

Skill      XL: |  1  2  3  4  5  6 |
---------------+-------------------+-----
Fighting       | 1 2 |  2.9
Ice Magic      | 1 2 |  2.0
Short Blades   | 2 3 4 5 |  5.5
Hexes          | 5 6 |  6.5
Spellcasting   | 3 |  3.0
Dodging        | |  2.1
Stealth        | |  4.4

Action                   |  1- 3 |  4- 6 |  7- 9 || total
-------------------------+-------+-------+-------++-------
Melee: Dagger            |    83 |   131 |       ||   214
       Bite              |     3 |     8 |       ||    11
Throw: Dart              |       |     1 |       ||     1
 Cast: Corona            |     4 |     2 |       ||     6
       Ensorcelled Hiber |    12 |    43 |     1 ||    56
       Confusing Touch   |       |     6 |       ||     6
 Stab: Sleeping          |    26 |    45 |       ||    71
       Confused          |       |     4 |       ||     4
Armor: Leather armour    |    16 |    13 |     2 ||    31
Dodge: Dodged            |    40 |    52 |     1 ||    93
